 Dungeon Crawl Stone Soup version 0.22-a0-799-g88f5e90 (webtiles) character file.

124 sking99 the Ruffian (level 5, 0/50 HPs)
             Began as an Ogre Transmuter on July 21, 2018.
             Slain by Terence
             ... wielding a +2 flail of draining
              (4 damage)
             ... on level 2 of the Dungeon.
             The game lasted 00:03:36 (2308 turns).

sking99 the Ruffian (Ogre Transmuter)               Turns: 2308, Time: 00:03:37

Health: 0/50       AC:  3    Str: 14    XL:     5   Next: 8%
Magic:  0/8        EV:  9    Int: 14    God:
Gold:   60         SH:  0    Dex: 10    Spells: 2/8 levels left

rFire    . . .     SeeInvis .     - Unarmed
rCold    . . .     Gourm    .   (no shield)
rNeg     . . .     Faith    .   b - +0 robe
rPois    .         Spirit   .   (helmet restricted)
rElec    .         Reflect  .   (no cloak)
rCorr    .         Harm     .   (gloves unavailable)
MR       .....                  (boots unavailable)
Stlth    +.........             (no amulet)
HPRegen  0.16/turn              (no ring)
MPRegen  0.11/turn              (no ring)

@: appendage, very slightly contaminated, heavily drained
A: large, unfitting armour, talons 3, tough skin 1
a: End Transformation


You were on level 2 of the Dungeon.
You were not hungry.
You had grown temporary talons.
You visited 1 branch of the dungeon, and saw 2 of its levels.

You collected 60 gold pieces.

Inventory:

Missiles
 a - 22 arrows
Armour
 b - a +0 robe (worn)
Jewellery
 c - an uncursed ring of see invisible {unknown}
 f - an uncursed ring of poison resistance {unknown}
 h - an uncursed ring of protection from magic {unknown}
 n - an uncursed ring of magical power {unknown}
 p - a +4 ring of evasion {unknown}
Scrolls
 g - a scroll of fear {unknown}
 i - a scroll of teleportation
 j - a scroll of remove curse {unknown}
 l - a scroll of magic mapping {unknown}
 o - a scroll of amnesia {unknown}
 q - a scroll of blinking {unknown}
Potions
 e - a potion of agility
 k - a potion of mutation {unknown}
 m - a potion of berserk rage
 s - a potion of degeneration {unknown}
Comestibles
 d - 6 rations
 r - 4 chunks of flesh


   Skills:
 - Level 2.5(0.8) Fighting
 - Level 1.7(0.0) Dodging
 + Level 4.0(2.2) Unarmed Combat
 - Level 2.4(0.7) Spellcasting
 * Level 2.9(1.2) Transmutations
 - Level 1.0(0.0) Poison Magic


You had 2 spell levels left.
You knew the following spells:

 Your Spells              Type           Power        Failure   Level  Hunger
a - Beastly Appendage     Tmut           #.....       17%         1    ##.....
b - Sticks to Snakes      Tmut           #.......     26%         2    ###....
c - Spider Form           Tmut/Pois      #.........   54%         3    ####...

Your spell library contained the following spells:

 Spells                   Type           Power        Failure   Level  Hunger
 Blade Hands              Tmut           #.........   99%         5    ######.
 Ice Form                 Ice/Tmut       #.......     91%         4    #####..


Dungeon Overview and Level Annotations

Branches:
Dungeon (2/15)

Altars:

Annotations:
D:2 Terence


Innate Abilities, Weirdness & Mutations

You are too large for most types of armour.
You have tough skin. (AC +1)
You have claws for feet.


Message History

You miscast Spider Form.
You are very lightly contaminated with residual magic.
You feel sick.
You hit Terence but do no damage.
Terence is almost dead.
Terence hits you with a flail of draining.
* * * LOW HITPOINT WARNING * * *
You feel drained.
* * * LOW HITPOINT WARNING * * *
You hit Terence.
Terence is almost dead.
Terence hits you with a flail of draining.
* * * LOW HITPOINT WARNING * * *
You feel drained.
* * * LOW HITPOINT WARNING * * *
Casting: Spider Form (quite dangerous; 54% risk of failure)
Confirm with . or Enter, or press ? or * to list all spells.
Your feet morph into talons.
Terence hits you with a flail of draining.
You die...

#......#
####......#
#[........#
#(........#
+.........#
####...#.#'###
..........#.#
########..#รท#
#..#@# #..#@#
#..#.#######
#..#........
#..#$.......
#..#........
####....%......
......$...#####
####......#


You could see Terence.

Vanquished Creatures
  Robin (D:2)
  4 gnolls
  3 oozes
  2 dart slugs
  2 bats (D:2)
  2 giant cockroaches (D:1)
  14 goblins
  8 hobgoblins
  2 ball pythons
  5 frilled lizards
  4 kobolds
  A rat (D:2)
48 creatures vanquished.

Vanquished Creatures (collateral kills)
  A rat (D:2)
1 creature vanquished.

Vanquished Creatures (others)
  A gnoll (D:2)
1 creature vanquished.

Grand Total: 50 creatures vanquished

Notes
Turn   | Place    | Note
-------+----------+-------------------------------------------
     0 | D:1      | sking99 the Ogre Transmuter began the quest for the Orb.
     0 | D:1      | Reached XP level 1. HP: 19/19 MP: 3/3
    12 | D:1      | Reached skill level 3 in Unarmed Combat
    15 | D:1      | Reached XP level 2. HP: 22/28 MP: 5/5
   431 | D:1      | Reached XP level 3. HP: 22/36 MP: 4/6
   598 | D:1      | Learned a level 2 spell: Sticks to Snakes
   602 | D:1      | Learned a level 3 spell: Spider Form
  1251 | D:2      | Reached XP level 4. HP: 44/44 MP: 3/7
  1740 | D:2      | Reached skill level 1 in Poison Magic
  1759 | D:2      | Noticed Robin
  1773 | D:2      | Killed Robin
  2051 | D:2      | Reached XP level 5. HP: 42/50 MP: 8/8
  2220 | D:2      | Reached skill level 4 in Unarmed Combat
  2279 | D:2      | Noticed Terence
  2308 | D:2      | Slain by Terence

Vault maps used:
D:1:      dpeg_arrival_connections
D:2:      yredelemnul_altar_generic, first_ration, uniq_terence, uniq_robin

Skill      XL: |  1  2  3  4  5 |
---------------+----------------+-----
Unarmed Combat | 3 4 |  4.0
Fighting       | 2 |  2.5
Transmutations | 2 |  2.9
Poison Magic   | 1 |  1.0
Dodging        | |  1.7
Spellcasting   | |  2.4

Action                   |  1- 3 |  4- 6 || total
-------------------------+-------+-------++-------
Melee: Unarmed           |    81 |   100 ||   181
       Kick              |     1 |       ||     1
       Headbutt          |     1 |       ||     1
       Punch             |       |     1 ||     1
 Cast: Beastly Appendage |     2 |     1 ||     3
       Spider Form       |     1 |     2 ||     3
       Sticks to Snakes  |       |     3 ||     3
  Use: Scroll            |     3 |       ||     3
  Eat: Chunk             |     1 |     4 ||     5
Armor: Robe              |    18 |    21 ||    39
Dodge: Dodged            |    33 |    43 ||    76

Table legend:
 A = Spawn XP
 B = Non-spawn XP
 C = Spawn XP percentage of total XP
 D = Spawn monster count
 E = Non-spawn monster count
 F = Spawn count percentage of total count
 G = Total turns spent on level
                    A         B        C        D         E        F      G
               +---------+---------+-------+---------+---------+-------+---------
         Total |       0 |     178 |   0.0 |       0 |      50 |   0.0 |  2308
               +---------+---------+-------+---------+---------+-------+---------
           D:1 |       0 |      53 |   0.0 |       0 |      20 |   0.0 |  1164
           D:2 |       0 |     125 |   0.0 |       0 |      30 |   0.0 |  1144
               +---------+---------+-------+---------+---------+-------+---------
